 Dungeon Crawl Stone Soup version 0.29-a0-6-ga859fcf985 (webtiles) character file.

Game seed: 8399597345374041981

6157 Ijustatesigmund the Fighter (level 10, 0/102 HPs)
             Began as a Gargoyle Fighter on Jan 27, 2022.
             Was a Follower of Cheibriados.
             Slain by a troll (2 damage)
             ... on level 12 of the Dungeon.
             The game lasted 00:12:47 (10992 turns).

Ijustatesigmund the Fighter (Gargoyle Fighter)     Turns: 10992, Time: 00:12:47

Health: 0/102      AC: 22    Str: 24    XL:     10   Next: 90%
Magic:  11/13      EV:  9    Int: 13    God:    Cheibriados [*.....]
Gold:   345        SH:  5    Dex: 11    Spells: 9/9 levels left

rFire   . . .      SeeInvis +   a - +1 flail
rCold   . . .      Faith    .   c - +0 buckler
rNeg    + . .      Spirit   .   b - +0 chain mail
rPois   ∞          Reflect  .   s - +1 hat
rElec   +          Harm     .   l - +2 cloak
rCorr   +          Rampage  .   (no gloves)
Will    .....                   (no boots)
Stlth   ..........              (no amulet)
HPRegen 0.27/turn               e - ring of see invisible
MPRegen 0.13/turn               q - ring of resist corrosion

@: berserking, very slow
A: sickness immunity, AC +7, negative energy resistance 1, electricity
resistance, torment resistance 1, petrification resistance
a: Renounce Religion, Bend Time


You were on level 12 of the Dungeon.
You worshipped Cheibriados.
Cheibriados was aware of your devotion.
You visited 2 branches of the dungeon, and saw 11 of its levels.

You collected 345 gold pieces.

Inventory:

Hand Weapons
 a - a +1 flail (weapon)
Missiles
 d - a throwing net (quivered)
Armour
 b - a +0 chain mail (worn)
 c - a +0 buckler (worn)
 l - a +2 cloak (worn)
 s - a +1 hat (worn)
Jewellery
 e - a ring of see invisible (left hand)
 q - a ring of resist corrosion (right hand)
Scrolls
 g - a scroll of amnesia
 p - a scroll of fog
 t - a scroll of enchant weapon
Potions
 f - 3 potions of curing
 i - 2 potions of brilliance
 k - a potion of attraction


   Skills:
 + Level 10.6 Fighting
 + Level 9.9 Maces & Flails
 - Level 7.0 Armour
 - Level 3.0 Dodging
 - Level 5.3 Shields
 + Level 4.4 Invocations


You had 9 spell levels left.
You didn't know any spells.
Your spell library contained the following spells:

 Spells                   Type           Power      Damage    Failure   Level
 Animate Skeleton         Necr           0%         N/A       94%         1
 Beastly Appendage        Tmut           0%         N/A       94%         1
 Pain                     Necr           0%         1d4       94%         1
 Sandblast                Erth           0%         2d4       94%         1
 Passwall                 Tmut/Erth      0%         N/A       98%         2
 Static Discharge         Conj/Air       0%         N/A       98%         2
 Wereblood                Tmut           0%         N/A       98%         2
 Ozocubu's Armour         Ice            0%         N/A       100%        3
 Spider Form              Tmut/Pois      0%         N/A       100%        3
 Stone Arrow              Conj/Erth      0%         3d7       100%        3
 Vampiric Draining        Necr           0%         2d6       100%        3
 Dispel Undead            Necr           0%         3d6       100%        4
 Sticky Flame             Conj/Fire      0%         2d3       100%        4
 Ozocubu's Refrigeration  Ice            0%         4d5       100%        7


Dungeon Overview and Level Annotations

Branches:
Dungeon (12/15)            Temple (1/1) D:6
   Lair: D:8-11         Orc: D:9-12

Altars:
Cheibriados
Dithmenos
Fedhas
Gozag
Makhleb
Nemelex Xobeh
Qazlal
Sif Muna
Trog
Uskayaw
Vehumet
Wu Jian
Xom
Yredelemnul
The Shining One
Lugonu

Annotations:
D:3 3 runed translucent doors, raistware's ghost, amateur HuCj


Innate Abilities, Weirdness & Mutations

You are immune to sickness and miasma.
Your stone body is resilient. (AC +7)
You are immune to poison.
You resist negative energy. (rN+)
You are resistant to electric shocks. (rElec)
You are resistant to unholy torment.
You are immune to petrification.


Message History

The troll bites you but does no damage. The troll claws you!
* * * LOW HITPOINT WARNING * * *
The troll claws you.
* * * LOW HITPOINT WARNING * * *
The manticore closely misses you. You block the manticore's attack.
The manticore barely misses you.
You feel much better. The troll bites you but does no damage.
The troll claws you but does no damage. The troll claws you!
You block the manticore's attack. x2; The manticore barely misses you.
The flow of time bends around you.
The troll resists with some effort.
Cheibriados rebukes the manticore.
The manticore seems to slow down.
The troll bites you but does no damage.
The troll claws you but does no damage. x2
You sock the manticore!
You kill the manticore!
The troll bites you!
* * * LOW HITPOINT WARNING * * *
The troll barely misses you. You block the troll's attack.
You hit the troll.
The troll is lightly wounded.
The troll bites you but does no damage. You block the troll's attack.
The troll claws you but does no damage.
You hit the troll but do no damage. The troll bites you.
* * * LOW HITPOINT WARNING * * *
You block the troll's attack. The troll claws you!
* * * LOW HITPOINT WARNING * * *
You barely miss the troll. The troll bites you but does no damage.
The troll closely misses you. The troll claws you but does no damage.
You feel better. The troll completely misses you. You block the troll's attack.
The troll claws you!
* * * LOW HITPOINT WARNING * * *
A red film seems to cover your vision as you go berserk!
Cheibriados forces you to slow down.
You feel mighty! The troll bites you.
* * * LOW HITPOINT WARNING * * *
The troll claws you but does no damage. The troll misses you.
You sock the troll!
The troll is moderately wounded.
The troll bites you.
You die...

## #... #.. #..
###########..
#...........##+######
#...........#........
#...[.......'@.......
#...........#.T......
#..........†#.../....
#...........#........
#...........#........
#######<....#........
#.....#........
#.....#........
#.....#####


You could see a troll.

Vanquished Creatures
  A two-headed ogre (D:11)
  A manticore (D:12)
  3 centaur zombies (D:11)
  A wyvern (D:11)
  4 yaks (D:11)
  2 water moccasins
  An orc warrior (D:11)
  2 ice beasts
  A black bear (D:4)
  4 necrophages
  3 ogres
  2 centaurs (D:4)
  2 kobold brigands (D:6)
  2 bullfrogs
  A wyvern zombie (D:5)
  A scorpion (D:4)
  2 water moccasin skeletons
  4 wights
  4 howler monkeys
  5 hounds
  6 jellies
  7 orc priests
  A gnoll shaman (D:6)
  5 centaur skeletons
  A bullfrog skeleton (D:5)
  2 iguanas (D:5)
  5 orc wizards
  2 hound skeletons
  A howler monkey zombie (D:7)
  2 howler monkey skeletons
  16 gnolls
  13 adders
  A shadow imp (D:6)
  A white imp (D:6)
  An adder skeleton (D:3)
  3 worms (D:2)
  2 dart slugs
  15 orcs
  7 bats
  4 endoplasms
  3 giant cockroaches
  7 goblins
  8 hobgoblins
  5 jackals
  3 quokkas
  2 ball pythons
  4 frilled lizards
  15 kobolds
  6 rats
194 creatures vanquished.

Vanquished Creatures (others)
  2 demonic plants (Temple)
  6 fungi (D:5)
  8 plants (D:5)
16 creatures vanquished.

Grand Total: 210 creatures vanquished

Notes
Turn   | Place    | Note
-------+----------+-------------------------------------------
     0 | D:1      | Ijustatesigmund the Gargoyle Fighter began the quest for
                  | the Orb.
     0 | D:1      | Reached XP level 1. HP: 14/14 MP: 1/1
   213 | D:1      | Reached XP level 2. HP: 19/19 MP: 2/2
   895 | D:2      | Reached XP level 3. HP: 14/24 MP: 3/3
   907 | D:2      | HP: 1/24 [adder (2)]
  1608 | D:2      | Reached skill level 4 in Fighting
  1827 | D:2      | Reached XP level 4. HP: 29/29 MP: 4/4
  2372 | D:3      | Found a basalt altar of Yredelemnul.
  2405 | D:3      | Reached XP level 5. HP: 14/34 MP: 5/5
  2840 | D:3      | Reached XP level 6. HP: 36/40 MP: 6/6
  2885 | D:3      | Found a faded altar of an unknown god.
  2964 | D:3      | Reached skill level 5 in Fighting
  2982 | D:3      | Found a hide-covered altar of Uskayaw.
  2992 | D:3      | Reached skill level 5 in Maces & Flails
  3008 | D:3      | Found a runed translucent gate.
  3008 | D:3      | Found a runed translucent gate.
  3314 | D:3      | Found a runed translucent gate.
  3319 | D:3      | Noticed raistware's ghost (amateur HuCj)
  3682 | D:4      | Found a sparkling altar of Nemelex Xobeh.
  3725 | D:4      | Reached XP level 7. HP: 20/44 MP: 7/7
  4196 | D:4      | Reached skill level 5 in Armour
  4316 | D:4      | Reached skill level 6 in Fighting
  4588 | D:4      | Reached XP level 8. HP: 48/52 MP: 8/8
  4667 | D:4      | Found a shimmering altar of Xom.
  4941 | D:5      | Entered Level 5 of the Dungeon
  4971 | D:5      | Found a blossoming altar of Fedhas.
  5370 | D:5      | Reached skill level 7 in Fighting
  6334 | D:5      | Reached XP level 9. HP: 57/58 MP: 9/9
  6669 | D:6      | Reached skill level 1 in Dodging
  6810 | D:6      | Reached skill level 8 in Fighting
  7512 | D:6      | Found a shadowy altar of Dithmenos.
  7966 | D:6      | Found a staircase to the Ecumenical Temple.
  7973 | Temple   | Entered the Ecumenical Temple
  8165 | D:6      | Found a shimmering blue altar of Sif Muna.
  8321 | D:7      | Reached skill level 5 in Shields
  8445 | D:7      | Identified the +3 trident of the Middle {vorpal, Will+
                  | Str+3}
  8706 | D:7      | Found a snail-covered altar of Cheibriados.
  8714 | D:7      | Became a worshipper of Cheibriados the Contemplative
  9393 | D:7      | Found a burning altar of Makhleb.
  9401 | D:7      | Reached skill level 9 in Fighting
  9401 | D:7      | Reached XP level 10. HP: 66/66 MP: 10/10
  9547 | D:8      | You fall into a shaft and drop 3 floors!
 10026 | D:11     | Reached skill level 1 in Invocations
 10367 | D:11     | Noticed a two-headed ogre
 10376 | D:11     | Killed a two-headed ogre
 10376 | D:11     | Reached * piety under Cheibriados
 10377 | D:11     | Reached skill level 10 in Fighting
 10847 | D:11     | Noticed a boulder beetle
 10970 | D:12     | Noticed a manticore
 10986 | D:12     | Killed a manticore
 10990 | D:12     | HP: 1/68 [troll (10)]
 10992 | D:12     | Slain by a troll

Illustrated notes

Levels and vault maps discovered:
D:1:      dpeg_arrival_prison, layout_basic
D:2:      layout_basic, kennysheep_donut
D:3:      layout_loops_ring, lemuel_doored_altar, yredelemnul_altar_generic,
          gammafunk_ghost_necromancy, hellmonk_ecumenical_altar_inner_sanctum
D:4:      minmay_wonky_spiral, layout_gridville,
          nemelex_xobeh_ov_fountains_minmay, tgw_xom, portal_sewer_entry_b
D:5:      layout_basic, fedhas_altar_3
D:6:      layout_basic, marbit_many_paths, grunt_dithmenos_smoke_and_mirrors,
          temple_green, kennysheep_generic_room_5
D:7:      layout_gridville, cheibriados_altar_1, makhleb_blood_cavern_becter,
          minmay_misc_feat_pillars
D:8:      layout_loops_ring, mainiacjoe_overflow_boulevard,
          okawaru_metal_pillars_3, mainiacjoe_overflow_divided_tiny,
          dpeg_oklobed_lair, minmay_parallelograms, kennysheep_generic_room_10,
          uniq_prince_ribbit1
D:11:     evilmike_library_of_no_secrets, layout_layer_cave
D:12:     layout_gridville
Temple:   corrupted_temple

Skill      XL: |  1  2  3  4  5  6  7  8  9 10 |
---------------+-------------------------------+-----
Maces & Flails | 3 4 5 6 7 8 9 |  9.9
Fighting       | 4 5 6 7 9 10 | 10.6
Armour         | 4 5 7 |  7.0
Dodging        | 3 |  3.0
Shields        | 5 |  5.3
Invocations    | 4 |  4.4

Action                   |  1- 3 |  4- 6 |  7- 9 | 10-12 || total
-------------------------+-------+-------+-------+-------++-------
Melee: Flail             |   141 |   162 |   494 |   139 ||   936
Throw: Throwing net      |       |       |     1 |       ||     1
Invok: Bend Time         |       |       |       |     2 ||     2
Evoke: Wand              |       |       |     1 |     2 ||     3
  Use: Scroll            |     3 |     6 |     4 |     3 ||    16
       Potion            |     1 |     2 |       |     7 ||    10
 Stab: Paralysed         |       |       |     4 |       ||     4
Armor: Chain mail        |    97 |   133 |   433 |   121 ||   784
       Scale mail        |     5 |       |       |       ||     5
       Skin              |       |       |       |    50 ||    50
Dodge: Dodged            |    71 |    72 |   185 |    63 ||   391
Block: Buckler           |    44 |    43 |   116 |    52 ||   255

Table legend: (Time is in decaauts)
 A = Elapsed time spent in this place.
 B = Non-inter-level travel time spent in this place.
 C = Inter-level travel time spent in this place.
 D = Time resting spent in this place.
 E = Time spent auto-exploring this place.
 F = Levels seen in this place.
 G = Mean time per level.
                   A        B        C        D        E       F      G
               +--------+--------+--------+--------+--------+-----+--------+
         Total |  11437 |  11176 |    261 |   2256 |   7034 |  11 | 1039.7 |
       Dungeon |  11384 |  11137 |    247 |   2256 |   7013 |  10 | 1138.4 |
        Temple |     53 |     39 |     14 |      0 |     21 |   1 |   53.0 |
               +--------+--------+--------+--------+--------+-----+--------+

Top non-repeatable levels by time:
     D:5: 1691 daAuts
     D:6: 1644 daAuts
    D:11: 1508 daAuts
     D:3: 1469 daAuts
     D:2: 1400 daAuts
     D:7: 1375 daAuts
     D:4: 1285 daAuts
     D:1: 881 daAuts
    D:12: 127 daAuts
  Temple: 53 daAuts
